 Dungeon Crawl Stone Soup version 0.23.2-1-ga50397a6bc (webtiles) character file.

Game seed: 16630877690998567284

644 Gargoyl the Skirmisher (level 7, -3/60 HPs)
             Began as a Centaur Abyssal Knight on May 22, 2019.
             Was a Priest of Lugonu.
             Killed by nerve-wracking pain
             ... invoked by Grinder
              (10 damage)
             ... on level 5 of the Dungeon.
             The game lasted 00:07:31 (4949 turns).

Gargoyl the Skirmisher (Centaur Abyssal Knight)     Turns: 4949, Time: 00:07:31

Health: -3/60      AC: 12    Str: 15    XL:     7   Next: 26%
Magic:  9/9        EV:  3    Int: 11    God:    Lugonu [***...]
Gold:   169        SH:  0    Dex: 10    Spells: 6/6 levels left

rFire    . . .     SeeInvis .   f - +1 war axe
rCold    . . .     Gourm    .   (no shield)
rNeg     . . .     Faith    .   e - +2 plate armour
rPois    .         Spirit   .   (no helmet)
rElec    .         Reflect  .   m - +0 cloak
rCorr    .         Harm     .   (no gloves)
MR       .....                  (no barding)
Stlth    ..........             (no amulet)
HPRegen  0.20/turn              (no ring)
MPRegen  0.11/turn              (no ring)

@: very quick
A: large, hooves 3, deformed body, speed 2, tough skin 3
a: Depart the Abyss, Bend Space, Banish, Renounce Religion


You were on level 5 of the Dungeon.
You worshipped Lugonu.
Lugonu was most pleased with you.
You were hungry.

You visited 1 branch of the dungeon, and saw 5 of its levels.
You visited the Abyss 1 time.

You collected 311 gold pieces.
You spent 142 gold pieces at shops.

Inventory:

Hand Weapons
 a - a +1 hand axe
 f - a +1 war axe (weapon)
Missiles
 j - 2 exploding tomahawks (quivered)
Armour
 e - a +2 plate armour (worn)
 m - a +0 cloak (worn)
 r - a +0 buckler
 s - a +0 robe
Wands
 i - a wand of polymorph (9)
 k - a wand of digging (7)
Scrolls
 b - 4 scrolls of remove curse
 g - a scroll of blinking
 l - 6 scrolls of identify
Potions
 d - a potion of flight
 h - a potion of curing
Comestibles
 c - 9 rations


   Skills:
 + Level 4.3 Fighting
 + Level 3.4(3.5) Axes
   Level 0.8(2.3) Polearms
 * Level 3.8 Armour
 * Level 2.1 Dodging
 * Level 3.7 Invocations


You had 6 spell levels left.
You didn't know any spells.
Your spell library was empty.

Dungeon Overview and Level Annotations

Branches:
Dungeon (5/15)
 Temple: D:4-7

Altars:
Makhleb
Ru
Sif Muna
Vehumet
Yredelemnul

Shops:
D:5 *

Annotations:
D:5 Grinder


Innate Abilities, Weirdness & Mutations

You have hooves in place of feet.
Armour fits poorly on your strangely shaped body.
You cover ground very quickly.
You have extremely tough skin. (AC +3)


Message History

Grinder is moderately wounded.
Grinder barely misses you. Grinder hits you.
Your plate armour prevents you from hitting Grinder.
Grinder is moderately wounded.
Grinder hits you but does no damage.
You barely miss Grinder. Your kick misses Grinder.
Grinder is moderately wounded.
Grinder hits you!
You writhe in agony.
* * * LOW HITPOINT WARNING * * *
Grinder blinks!
You hit Grinder but do no damage. You kick Grinder, but do no damage.
Grinder is moderately wounded.
Grinder blinks!
Grinder gestures at you. Pain shoots through your body!
* * * LOW HITPOINT WARNING * * *
Unknown command.
Grinder gestures at you. Pain shoots through your body!
You die...

#####.#
#######....#
#.# #.####
#.# #.# #5#
#.# #.# ..#
#.# ### #.#
#.# #@# #.#
#.# #.# #.#
#.# #.# ...
#..


You could see Grinder.

Vanquished Creatures
  A wyvern zombie (D:5)
  A scorpion (D:5)
  Crazy Yiuf (D:3)
  A hound (D:4)
  Natasha (thrice) (D:3)
  An orc wizard (D:3)
  Ijyb (D:3)
  Jessica (D:2)
  2 worker ants (D:4)
  Terence (D:2)
  An iguana (D:5)
  A gnoll (D:1)
  9 adders
  A shadow imp (D:5)
  A dart slug (D:5)
  9 leopard geckos
  12 orcs
  10 bats
  5 giant cockroaches
  7 hobgoblins
  3 jackals (D:5)
  8 kobolds
  3 quokkas
  A ball python (D:3)
  7 frilled lizards
  9 goblins
  A leopard gecko skeleton (D:4)
  A quokka zombie (D:5)
  5 rats
107 creatures vanquished.

Vanquished Creatures (others)
  A hound zombie (D:5)
  An orc (D:5)
  6 starspawn tentacles (Abyss:1)
8 creatures vanquished.

Grand Total: 115 creatures vanquished

Notes
Turn   | Place    | Note
-------+----------+-------------------------------------------
     0 | Abyss:1  | Gargoyl the Centaur Abyssal Knight began the quest for the
                  | Orb.
     0 | Abyss:1  | Reached XP level 1. HP: 19/19 MP: 2/2
    86 | Abyss:1  | Noticed a tentacled starspawn
   176 | Abyss:2  | Noticed an eye of draining
   179 | Abyss:2  | Noticed an emperor scorpion zombie
   189 | Abyss:2  | Noticed a small abomination
   213 | D:1      | Escaped the Abyss
   375 | D:1      | Reached * piety under Lugonu
   375 | D:1      | Reached XP level 2. HP: 26/26 MP: 3/3
   462 | D:1      | Reached skill level 1 in Dodging
   507 | D:1      | Reached XP level 3. HP: 25/31 MP: 4/4
  1042 | D:2      | Noticed Jessica
  1050 | D:2      | Killed Jessica
  1050 | D:2      | Reached XP level 4. HP: 34/40 MP: 5/5
  1319 | D:2      | Reached ** piety under Lugonu
  1397 | D:2      | Found a basalt altar of Yredelemnul.
  1402 | D:2      | Noticed Terence
  1445 | D:2      | Killed Terence
  1445 | D:2      | Reached XP level 5. HP: 44/46 MP: 7/7
  1794 | D:2      | Found a deep blue altar of Sif Muna.
  2030 | D:3      | Noticed Natasha
  2045 | D:3      | Killed Natasha
  2045 | D:3      | Reached skill level 4 in Fighting
  2085 | D:3      | Noticed Natasha
  2102 | D:3      | Killed Natasha
  2376 | D:3      | Noticed Natasha
  2388 | D:3      | Killed Natasha
  2388 | D:3      | Reached XP level 6. HP: 37/52 MP: 8/8
  2491 | D:3      | Noticed Ijyb
  2505 | D:3      | Killed Ijyb
  2584 | D:3      | Found a radiant altar of Vehumet.
  2601 | D:3      | Found a runed translucent door.
  2602 | D:3      | Noticed Crazy Yiuf
  2620 | D:3      | Killed Crazy Yiuf
  2860 | D:3      | You fall through a shaft for 2 floors!
  2860 | D:5      | Entered Level 5 of the Dungeon
  2883 | D:4      | Reached *** piety under Lugonu
  3037 | D:4      | Found a sacrificial altar of Ru.
  3888 | D:5      | Reached XP level 7. HP: 43/59 MP: 9/9
  4320 | D:5      | Found a burning altar of Makhleb.
  4373 | D:5      | Found Oriz's Assorted Antiques.
  4498 | D:5      | Bought a robe for 17 gold pieces
  4498 | D:5      | Bought a tiny sapphire amulet for 125 gold pieces
  4508 | D:5      | Found a transporter.
  4531 | D:5      | Found a transporter.
  4531 | D:5      | Noticed a fire bat
  4921 | D:5      | Noticed Grinder
  4930 | D:5      | Paralysed by Grinder for 7 turns
  4949 | D:5      | Killed from afar by Grinder

Skill      XL: |  1  2  3  4  5  6  7 |
---------------+----------------------+-----
Axes           | 2 3 |  3.4
Dodging        | 1 2 |  2.1
Armour         | 2 3 |  3.8
Fighting       | 4 |  4.3
Invocations    | 3 |  3.7
Polearms       | |  0.8

Action                   |  1- 3 |  4- 6 |  7- 9 || total
-------------------------+-------+-------+-------++-------
Melee: Hand axe          |    83 |   227 |       ||   310
       Kick              |    14 |    45 |    11 ||    70
       Scythe            |       |    23 |    79 ||   102
       War axe           |       |       |    24 ||    24
Invok: Depart the Abyss  |     1 |       |       ||     1
  Use: Scroll            |     4 |     3 |     2 ||     9
       Potion            |       |       |     4 ||     4
  Eat: Chunk             |       |     7 |       ||     7
       Ration            |       |       |     1 ||     1
Armor: Plate armour      |    86 |   241 |   165 ||   492
Dodge: Dodged            |     5 |    29 |    33 ||    67
